AoeStats
← amacandcheese

Golden Pit

509411399Analyzed
1v1 RM · 7d ago on Sep 26, 2026· 51m 6s· 2 players
Game mode
Random Map
Map size
Tiny (2 player)
Population
200
Speed
Normal
Resources
Standard
Victory
Conquest
Starting age
Dark Age
Ending age
Imperial Age
RankedLock teamsTeams togetherTeam positionsShared explorationLock speedFull tech treeHidden civsTurbo modeCheats
Victory
Defeat
🇺🇸 Saracens · United States
1189
+14
🇨🇦 Mongols · Canada
1152
-14
amacandcheese
7:09 Loom
9:58 Feudal Age
10:30 Double-Bit Axe
11:53 Gold Mining
11:49 Horse Collar
18:50 Castle Age
20:11 Gold Shaft Mining
19:59 Bow Saw
20:13 Fletching
20:43 Crossbowman
23:11 Bodkin Arrow
27:29 Ballistics
27:26 Padded Archer Armor
30:06 Heavy Plow
30:47 Stone Mining
32:09 Town Watch
34:20 Wheelbarrow
34:51 Leather Archer Armor
39:18 Hand Cart
39:55 Masonry
46:17 Town Patrol
46:45 Bloodlines
45:56 Light Cavalry
46:37 Husbandry
49:15 Imperial Age
49:29 Scale Barding Armor
49:35 Forging
49:44 Spies/Treason
dteeuwsen17
9:26 Feudal Age
13:35 Loom
18:20 Castle Age
16:30 Horse Collar
16:51 Double-Bit Axe
17:43 Bloodlines
19:01 Scale Barding Armor
21:51 Husbandry
22:18 Forging
25:34 Bow Saw
26:21 Wheelbarrow
25:34 Town Watch
26:33 Chain Barding Armor
28:05 Iron Casting
28:16 Gold Mining
28:34 Heavy Plow
30:58 Hand Cart
Connection lost

Rejoining the realm…

Still unreachable

The connection could not be restored.

Session expired

The server has moved on; the page needs a fresh start.